 Dungeon Crawl Stone Soup version 0.30-a0-377-g5cb311bc9f (webtiles) character file.

Game seed: 11472796594775521743

16 lesbiats the Shield-Bearer (level 2, -2/29 HPs)
             Began as a Troll Fighter on Nov 28, 2022.
             Succumbed to a goblin's poison
             ... on level 1 of the Dungeon.
             The game lasted 00:01:09 (256 turns).

lesbiats the Shield-Bearer (Troll Fighter)           Turns: 256, Time: 00:01:09

Health: -2/29      AC:  4    Str: 29    XL:     2   Next: 41%
Magic:  1/1        EV:  8    Int:  4    God:
Gold:   28         SH:  7    Dex:  9    Spells: 1/1 levels left

rFire   . . .      SeeInvis .      - Unarmed
rCold   . . .      Faith    .    b - +0 kite shield
rNeg    . . .      Spirit   .    a - +0 robe
rPois   .          Reflect  .    (helmet restricted)
rElec   .          Harm     .    (no cloak)
rCorr   .          Rampage  .    (gloves unavailable)
Will    .....                    (boots unavailable)
Stlth   +.........               (no amulet)
HPRegen 1.04/turn                g - +6 ring of strength
MPRegen 0.07/turn                (no ring)

@: lethally poisoned (-2 -> -29)
A: large, unfitting armour, claws 3, regeneration 1, shaggy fur 1, tough skin 1
a: no special abilities


You were on level 1 of the Dungeon.
You visited 1 branch of the dungeon, and saw 1 of its levels.

You collected 28 gold pieces.

Inventory:

Armour
 a - a +0 robe (worn)
 b - a +0 kite shield (worn)
Jewellery
 g - a +6 ring of strength (left claw)
Scrolls
 d - a scroll of noise {unknown}
 f - a scroll of immolation {unknown}
Potions
 c - a potion of might
 e - a potion of ambrosia {unknown}


   Skills:
 + Level 2.6 Fighting
 - Level 2.4 Dodging
 + Level 2.9 Shields
 * Level 2.6 Unarmed Combat


You had one spell level left.
You didn't know any spells.
Your spell library contained the following spells:

 Spells                   Type           Power      Damage    Failure   Level
 Portal Projectile        Hex/Tloc       0%         N/A       99%         3
 Tukima's Dance           Hex            0%         N/A       99%         3
 Blade Hands              Tmut           0%         N/A       100%        5


Dungeon Overview and Level Annotations

Branches:
Dungeon (1/15)

Altars:


Innate Abilities, Weirdness & Mutations

You are too large for most types of armour.
You have claws for hands.
Your natural rate of healing is unusually fast.
You are covered in fur. (AC +1)
You have tough skin. (AC +1)


Message History

The bat barely misses you. The bat closely misses you.
You scratch the bat.
You kill the bat!
The bat hits you but does no damage.
You barely miss the bat. The bat hits you but does no damage.
The bat closely misses you.
You completely miss the bat. The bat hits you. The bat barely misses you.
You see here a bat corpse.
You block the bat's attack.
You claw the bat!
You kill the bat!
No target in view!
You see here a bat corpse.
A goblin comes into view. It is wielding a +2 dagger of venom.
The goblin shouts!
You barely miss the goblin.
The goblin hits you with a +2 dagger of venom.
You are poisoned.
You closely miss the goblin.
You feel very sick.
The goblin hits you with a +2 dagger of venom.
You are more poisoned.
You barely miss the goblin.
You feel very sick. You block the goblin's attack. x2
You closely miss the goblin.
You feel very sick.
The goblin hits you with a +2 dagger of venom.
You are lethally poisoned!
You barely miss the goblin.
* * * LOW HITPOINT WARNING * * *
You feel very sick. The goblin hits you but does no damage.
You are more poisoned.
The goblin attacks as you move away!
The goblin hits you with a +2 dagger of venom.
* * * LOW HITPOINT WARNING * * *
You are more poisoned.
You die...

....####...~..~~.~~≈≈~..###..###.
..#.##..#...~~~≈~.≈≈≈≈~~..##..##.
....# ##..~~≈≈~~.~~≈≈≈~~..#....#.
..#.###.##..~≈≈..<.≈≈≈≈..###.#...
..#.##.##..~~≈~≈.~.~≈~≈~..######.
..#...^#..≈~..≈~≈.~~≈~....~ #.
.##...##.~...≈≈≈≈~.≈.~.~≈ #.
.##.#.#....##.~≈~~..~.~~~ #.
....#.###..#....@......~. #.
...#####..#.#.###.###.~~. #.
##.##..†.###### #.g.##.## #.
##.########## ##### .............
...########## .......# .......#
.......#


You could see a goblin.

Vanquished Creatures
  4 ball pythons (D:1)
  A giant cockroach (D:1)
  4 hobgoblins (D:1)
  A quokka (D:1)
  4 bats (D:1)
  2 rats (D:1)
16 creatures vanquished.

Notes
Turn   | Place    | Note
-------+----------+-------------------------------------------
     0 | D:1      | lesbiats the Troll Fighter began the quest for the Orb.
     0 | D:1      | Reached XP level 1. HP: 22/22 MP: 0/0
   138 | D:1      | Reached XP level 2. HP: 29/29 MP: 1/1
   256 | D:1      | Succumbed to a goblin's poison

Illustrated notes

Levels and vault maps discovered:
D:1:      dpeg_arrival_subterranean_lakeside_camping, layout_basic,
          minmay_heptomino_l4

Action                   || total
-------------------------++-------
Melee: Unarmed           ||    54
Armor: Robe              ||    18
Dodge: Dodged            ||    25
Block: Kite shield       ||    22

Table legend: (Time is in decaauts)
 A = Elapsed time spent in this place.
 B = Non-inter-level travel time spent in this place.
 C = Inter-level travel time spent in this place.
 D = Time resting spent in this place.
 E = Time spent auto-exploring this place.
 F = Levels seen in this place.
 G = Mean time per level.
                   A        B        C        D        E       F      G
               +--------+--------+--------+--------+--------+-----+--------+
         Total |    261 |    257 |      4 |      0 |    151 |   1 |  261.0 |
       Dungeon |    261 |    257 |      4 |      0 |    151 |   1 |  261.0 |
               +--------+--------+--------+--------+--------+-----+--------+

Top non-repeatable levels by time:
     D:1: 261 daAuts
